Map: Ruins of Seras

Players

Nero

  • Race: Protoss Protoss

혼불 - Winner!

  • Race: Terran Terran
  • League: Silver

VOD

Have the link to the VOD?

Description

Time

  • Played on: Jan. 4, 2016, 9:06 a.m.
  • Length: 14:41
Show
View Real Time Build Order
Export as new Build Order

Nero Protoss 

Build Orders: Oracle Opening 

Get SALT Encoding   

  12  0:01  Probe (Chrono Boost)  
  13  0:11  Probe (Chrono Boost)  
  14  0:25  Pylon, Probe (Chrono Boost)  
  15  0:43  Probe (Chrono Boost)  
  15  0:44  Gateway  
  16  0:54  Probe (Chrono Boost)  
  17  1:04  Probe (Chrono Boost)  
  17  1:05  Assimilator  
  17  1:07  Assimilator  
  18  1:18  Pylon  
  18  1:30  Probe (Chrono Boost)  
  19  1:37  Cybernetics Core  
  19  1:40  Probe (Chrono Boost), Zealot  
  22  1:51  Probe (Chrono Boost)  
  24  2:01  Probe (Chrono Boost)  
  24  2:12  Probe (Chrono Boost)  
  24  2:14  Pylon  
  24  2:15  Warp Gate  
  25  2:23  Stargate  
  25  2:27  Probe (Chrono Boost)  
  26  2:30  Zealot  
  29  2:51  Probe (Chrono Boost)  
  28  2:59  Zealot  
  30  3:07  Oracle (Chrono Boost)  
  30  3:09  Forge  
  33  3:15  Probe  
  33  3:18  Pylon  
  34  3:26  Sentry  
  36  3:27  Probe  
  37  3:48  Nexus  
  37  3:55  Pylon  
  37  3:59  Sentry  
  36  4:15  Gateway  
  36  4:19  Gateway  
  36  4:23  Mothership Core  
  38  4:32  Stalker  
  38  4:34  Assimilator  
  40  4:41  Protoss Ground Weapons Level 1, Assimilator  
  40  4:47  Photon Cannon  
  40  4:59  Probe  
  40  5:05  Probe  
  42  5:09  Probe  
  42  5:11  Photon Cannon  
  43  5:20  Probe  
  43  5:22  Probe  
  45  5:30  Probe  
  46  5:40  Adept x3  
  52  5:43  Probe (Chrono Boost)  
  52  5:44  Probe (Chrono Boost)  
  52  5:46  Phoenix (Chrono Boost)  
  56  5:55  Probe x2 (Chrono Boost)  
  58  6:07  Adept x3  
  64  6:14  Probe x2 (Chrono Boost)  
  66  6:20  Robotics Facility  
  66  6:23  Phoenix  
  68  6:29  Stalker  
  70  6:35  Pylon  
  70  6:39  Pylon  
  70  6:53  Phoenix  
  72  7:07  Probe (Chrono Boost)  
  74  7:08  Probe (Chrono Boost)  
  74  7:16  Immortal  
  74  7:17  Probe (Chrono Boost)  
  74  7:18  Adept, Phoenix (Chrono Boost)  
  74  7:19  Probe (Chrono Boost)  
  74  7:20  Stalker  
  86  7:23  Protoss Ground Armor Level 1  
  86  7:50  Pylon  
  86  7:53  Pylon  
  86  8:08  Phoenix (Chrono Boost)  
  86  8:09  Nexus  
  88  8:14  Probe  
  88  8:18  Immortal (Chrono Boost)  
  93  8:22  Sentry  
  93  8:24  Stalker  
  93  8:25  Stalker  
  93  8:26  Probe  
  100  8:27  Phoenix (Chrono Boost)  
  102  8:55  Twilight Council  
  102  8:59  Pylon  
  102  9:01  Pylon  
  102  9:11  Protoss Air Weapons Level 1  
  102  9:13  Phoenix  
  106  9:17  Protoss Shields Level 1, Probe x2  
  106  9:21  Immortal (Chrono Boost)  
  110  9:25  Pylon  
  110  9:28  Pylon  
  110  9:35  Phoenix  
  110  9:42  Assimilator  
  110  9:44  Probe  
  110  9:45  Probe x2  
  114  9:48  Stalker x3  
  121  9:55  Immortal (Chrono Boost)  
  121  9:57  Probe  
  86  10:38  Stalker  
  86  10:39  Stalker x2  
  86  10:42  Blink  
  92  10:46  Phoenix  
  92  10:49  Gateway x2  
  94  10:52  Gateway  
  94  10:54  Gateway  
  94  11:02  Probe  
  94  11:03  Probe  
  94  11:04  Probe  
  97  11:07  Phoenix  
  99  11:13  Nexus, Stalker x2, Probe  
  99  11:15  Assimilator  
  99  11:16  Probe x2  
  106  11:19  Assimilator  
  106  11:21  Immortal (Chrono Boost)  
  106  11:23  Pylon  
  110  11:26  Pylon  
  110  11:27  Protoss Ground Weapons Level 2  
  110  11:32  Forge, Phoenix  
  112  11:43  Probe  
  112  11:45  Probe x2  
  115  11:53  Assimilator  
  115  11:57  Probe x2  
  117  12:02  Stalker x5  
  117  12:05  Phoenix  
  127  12:11  Protoss Ground Armor Level 2  
  129  12:21  Observer (Chrono Boost)  
  130  12:39  Observer (Chrono Boost), Probe  
  130  12:40  Probe x2  
  130  12:41  Probe  
  130  12:44  Stalker x5  
  137  12:45  Stalker x2  
  149  12:51  Templar Archives, Probe  
  149  12:57  Phoenix  
  150  13:02  Probe  
  150  13:04  Immortal (Chrono Boost)  
  157  13:06  Pylon  
  157  13:08  Pylon  
  157  13:11  Probe  
  157  13:12  Probe x3  
  160  13:19  Phoenix  
  161  13:20  Pylon  
  161  13:23  Pylon, Probe  
  161  13:25  Pylon  
  164  13:28  Adept x2  
  164  13:29  Adept x2  
  164  13:31  High Templar  
  164  13:32  High Templar x2  
  178  13:41  Phoenix  
  178  13:46  Immortal (Chrono Boost)  
  184  13:53  High Templar x3  
Show
View Real Time Build Order
Export as new Build Order

혼불 Terran - Winner!

Build Orders: MMM Bio 

Get SALT Encoding   

  12  0:00  SCV  
  13  0:13  SCV  
  14  0:23  Supply Depot  
  14  0:25  SCV  
  15  0:46  Barracks  
  15  0:47  SCV  
  16  1:01  SCV  
  17  1:05  Supply Depot  
  17  1:16  SCV  
  18  1:29  Command Center  
  18  1:40  Orbital Command  
  18  1:47  Refinery  
  18  1:54  Refinery  
  18  2:12  SCV  
  19  2:20  Marine  
  20  2:33  SCV  
  20  2:38  Marine  
  21  2:46  Orbital Command  
  21  2:50  Factory  
  21  2:51  SCV  
  21  2:52  Engineering Bay  
  22  3:06  Factory  
  22  3:07  SCV  
  22  3:09  Orbital Command  
  23  3:22  Missile Turret  
  23  3:26  Missile Turret  
  23  3:27  SCV  
  24  3:28  Barracks Tech Lab  
  24  3:43  SCV x2  
  26  3:48  Marine  
  26  3:50  Widow Mine  
  29  4:00  Refinery  
  29  4:02  Refinery, SCV x2  
  31  4:06  Marine  
  31  4:08  Widow Mine  
  34  4:14  SCV  
  35  4:18  Starport  
  35  4:28  SCV  
  36  4:54  Command Center  
  36  5:03  SCV x2  
  37  5:15  SCV  
  37  5:17  Factory Tech Lab x2  
  37  5:19  Starport Reactor, SCV  
  39  5:27  Barracks  
  39  5:29  Barracks x2, Stimpack  
  39  5:31  Terran Infantry Weapons Level 1  
  39  5:39  SCV x2  
  41  5:51  SCV x2  
  43  5:58  Supply Depot  
  43  6:00  Bunker  
  43  6:03  SCV  
  44  6:17  Barracks  
  44  6:21  Missile Turret  
  44  6:22  SCV x2  
  44  6:24  Planetary Fortress  
  46  6:31  Medivac  
  48  6:34  SCV, Missile Turret  
  48  6:35  SCV  
  48  6:37  Cyclone  
  53  6:41  Cyclone  
  53  6:46  SCV  
  57  6:49  Barracks Tech Lab  
  57  6:52  Barracks Tech Lab x2  
  57  6:55  Barracks  
  57  6:56  Barracks  
  57  6:59  SCV  
  58  7:09  Concussive Shells  
  58  7:10  Combat Shields  
  58  7:32  Ghost Academy  
  58  7:33  SCV x3  
  61  7:42  Marauder x2  
  65  7:45  SCV x3  
  68  7:53  Missile Turret  
  68  7:55  Command Center  
  68  7:57  SCV  
  69  8:11  Supply Depot  
  69  8:13  Supply Depot  
  69  8:15  SCV x3  
  69  8:16  Supply Depot  
  72  8:24  Marine  
  72  8:25  Marauder x2  
  77  8:33  Marine x2, Medivac, Marauder, SCV  
  84  8:34  Refinery  
  84  8:36  Refinery  
  84  8:41  Missile Turret  
  84  8:42  Marine  
  84  8:44  Barracks Reactor  
  84  8:47  Missile Turret  
  84  8:48  Marauder x2  
  89  8:50  Terran Infantry Armor Level 1  
  89  8:51  Marauder  
  89  8:54  Armory  
  91  9:02  Personal Cloaking, Engineering Bay  
  91  9:11  Medivac x2  
  95  9:17  SCV  
  95  9:18  SCV x2  
  95  9:20  Orbital Command  
  98  9:34  Starport  
  98  9:35  Missile Turret  
  98  9:36  Supply Depot  
  98  9:41  Terran Infantry Weapons Level 2  
  98  9:44  Ghost x2  
  98  9:45  Ghost  
  104  9:47  Marine x4  
  104  9:48  Marauder  
  110  9:57  Supply Depot  
  110  10:03  Siege Tank x2  
  116  10:09  Marauder  
  118  10:14  Missile Turret x2  
  118  10:18  Marine x2  
  102  10:57  Marine x3  
  102  10:58  Marine, Marauder x4, Widow Mine  
  102  10:59  Widow Mine  
  102  11:00  Medivac x2  
  122  11:08  SCV x2  
  122  11:09  SCV x2  
  126  11:14  Refinery  
  126  11:15  Marine x4  
  130  11:19  Marauder  
  130  11:23  Supply Depot  
  130  11:24  Supply Depot  
  132  11:26  Terran Infantry Armor Level 2  
  132  11:44  Siege Tank, SCV x3  
  132  11:45  Siege Tank, Marauder, SCV  
  132  11:46  Marauder x2  
  148  12:03  Supply Depot  
  148  12:05  Supply Depot  
  148  12:07  Supply Depot  
  148  12:08  Supply Depot  
  148  12:25  Marine x4, SCV x4  
  148  12:26  Marine x3  
  148  12:27  Marauder  
  161  12:37  SCV x2  
  161  12:40  Siege Tank x2  
  161  12:43  Marine x4  
  173  12:44  Marine x3  
  173  12:48  Marine  
  173  12:49  SCV  
  178  12:56  Command Center  
  177  13:00  Marine x3  
  180  13:16  Supply Depot  
  180  13:19  Supply Depot  
  180  13:21  Supply Depot  
  180  13:23  Supply Depot  
  180  13:29  Refinery  
  180  13:37  Marine x3  
  180  13:38  Command Center, Siege Tank, SCV x2  
  180  13:41  Marine x4, Siege Tank, SCV  
  196  13:42  Marine, SCV  
  198  13:50  SCV x2  
  200  13:56  Command Center  
Tags
 
Composition
MMM Bio
League
Silver
Matchup
PvT
Replay Pack
rep
Add a new tag
Caveats
  • Supply blocks, unpowered buildings, or Contaminate may cause inaccurate times.
  • Supply counts are checked every 10 seconds.